 Dungeon Crawl Stone Soup version 0.24-a0-769-g368c164 (webtiles) character file.

Game seed: 16877480144730810423, levelgen mode: deterministic

17 2tousent the Ruffian (level 2, -1/23 HPs)
             Began as a Draconian Transmuter on Oct 5, 2019.
             Slain by a hobgoblin (2 damage)
             ... on level 1 of the Dungeon.
             The game lasted 00:02:25 (512 turns).

2tousent the Ruffian (Draconian Transmuter)          Turns: 512, Time: 00:02:26

Health: -1/23      AC:  4    Str: 12    XL:     2   Next: 44%
Magic:  4/5        EV: 12    Int: 13    God:
Gold:   43         SH:  0    Dex: 11    Spells: 4/5 levels left

rFire    . . .     SeeInvis .     - Unarmed
rCold    . . .     Gourm    .   (no shield)
rNeg     . . .     Faith    .   (armour unavailable)
rPois    .         Spirit   .   (helmet restricted)
rElec    .         Reflect  .   (no cloak)
rCorr    .         Harm     .   (no gloves)
MR       .....                  (boots currently unavailable)
Stlth    +.........             (no amulet)
HPRegen  0.07/turn              (no ring)
MPRegen  0.09/turn              (no ring)

@: appendage (expiring)
A: unfitting armour, talons 3, cold-blooded, AC +4
a: End Transformation


You were on level 1 of the Dungeon.
You were not hungry.
You had grown temporary talons.
You visited 1 branch of the dungeon, and saw 1 of its levels.

You collected 43 gold pieces.

Inventory:

Missiles
 a - 12 arrows
Scrolls
 e - a scroll of blinking {unknown}
Potions
 b - a potion of ambrosia {unknown}
 f - a potion of lignification {unknown}
Comestibles
 c - 2 rations
 d - 4 chunks of flesh


   Skills:
 - Level 1.1 Fighting
 - Level 1.7 Dodging
 * Level 3.3 Unarmed Combat
 + Level 2.2 Spellcasting
 * Level 2.4 Transmutations


You had 4 spell levels left.
You knew the following spells:

 Your Spells              Type           Power        Failure   Level  Hunger
a - Beastly Appendage     Tmut           #.....       9%          1    ##.....

Your spell library contained the following spells:

 Spells                   Type           Power        Failure   Level  Hunger
 Sticks to Snakes         Tmut           #.......     14%         2    ###....
 Spider Form              Tmut/Pois      #.........   41%         3    ####...
 Ice Form                 Ice/Tmut       #.......     83%         4    #####..
 Blade Hands              Tmut           #.........   94%         5    ######.


Dungeon Overview and Level Annotations

Branches:
Dungeon (1/15)

Altars:


Innate Abilities, Weirdness & Mutations

Your plain brown scales are hard. (AC +4)
You cannot fit into any form of body armour.
You are cold-blooded and may be slowed by cold attacks.
You have claws for feet.


Message History

The slug dart hits you.
Casting: Beastly Appendage (safe; 9% risk of failure)
Confirm with . or Enter, or press ? or * to list all spells.
Your feet morph into talons.
The kobold closely misses you.
You hit the kobold but do no damage. Your kick misses the kobold.
The kobold barely misses you.
You hit the kobold but do no damage. The kobold barely misses you.
You closely miss the kobold. The kobold hits you with a +0 whip.
* * * LOW HITPOINT WARNING * * *
You hit the kobold but do no damage. You claw the kobold.
You kill the kobold!
You hit the hobgoblin.
The hobgoblin is lightly wounded.
The hobgoblin hits you.
* * * LOW HITPOINT WARNING * * *
You hit the hobgoblin. You claw the hobgoblin. You tail-slap the hobgoblin.
The hobgoblin is almost dead.
Your transformation is almost over.
The hobgoblin hits you.
You die...

######...........>...#...##
.#........(.........#######
......g.g.........)..##
##....w####........)..#
#........##.#.#...#(#.##
#....g#...wg#.#...#(#..#
#..g..#####g#.#...#(##.#####
#..... #g#.#...#.#....(..
#.... #@#.#...#.##...###
#..$........#.#...#.#.......
..#####.#.#...#.#####... ###
#...#.## ####
##.<.##.####### ...
#.##..(..##.##.... ..##
#.##..>.8..##.#####
#..###.##.........##.##..
#...#.##.(...#.....##.#..


You could see a dart slug, 2 hobgoblins and a goblin.

Vanquished Creatures
  A dart slug (D:1)
  A goblin (D:1)
  A hobgoblin (D:1)
  2 jackals (D:1)
  4 bats (D:1)
  5 kobolds (D:1)
  2 rats (D:1)
16 creatures vanquished.

Notes
Turn   | Place    | Note
-------+----------+-------------------------------------------
     0 | D:1      | 2tousent the Draconian Transmuter began the quest for the
                  | Orb.
     0 | D:1      | Reached XP level 1. HP: 16/16 MP: 3/3
   347 | D:1      | Reached XP level 2. HP: 23/23 MP: 3/5
   511 | D:1      | HP: 1/23 [hobgoblin (1)]
   512 | D:1      | Slain by a hobgoblin

Levels and vault maps discovered:
D:1:      psy_arrival_spokes, layout_rooms, chequers_serial_rivers_room_a

Action                   || total
-------------------------++-------
Melee: Unarmed           ||    51
       Tailslap          ||     5
       Headbutt          ||     3
       Kick              ||     5
 Cast: Beastly Appendage ||     9
Armor: Skin              ||    18
Dodge: Dodged            ||    52

Table legend:
 A = Non-vault XP
 B = Vault XP
 C = Vault XP percentage of total XP
 D = Non-vault monster count
 E = Vault monster count
 F = Vault count percentage of total count
                 A         B        C        D         E       F
            +---------+---------+-------+---------+---------+-------
      Total |      25 |       0 |   0.0 |      16 |       0 |   0.0
            +---------+---------+-------+---------+---------+-------
        D:1 |      25 |       0 |   0.0 |      16 |       0 |   0.0
            +---------+---------+-------+---------+---------+-------
